 Dungeon Crawl Stone Soup version 0.30-a0-948-g4fa250aae5 (webtiles) character file.

Game seed: 5914746906503301664

42 DeathPants the Sneak (level 3, -2/20 HPs)
             Began as a Vine Stalker Monk on Mar 26, 2023.
             Slain by a quokka (4 damage)
             ... on level 2 of the Dungeon.
             The game lasted 00:02:57 (977 turns).

DeathPants the Sneak (Vine Stalker Monk)             Turns: 977, Time: 00:02:58

Health: -2/20      AC:  2    Str: 15    XL:     3   Next: 54%
Magic:  0/4        EV: 13    Int: 10    God:
Gold:   80         SH:  0    Dex: 16    Spells: 2/2 levels left

rFire   . . .      SeeInvis .    j - +0 dagger
rCold   . . .      Faith    .    (no shield)
rNeg    . . .      Spirit   +    b - +0 robe
rPois   .          Reflect  .    (no helmet)
rElec   .          Rampage  .    (no cloak)
rCorr   .                        (no gloves)
Will    .....                    (no boots)
Stlth   ++                       (no amulet)
HPRegen 0.23/turn                (no ring)
MPRegen 0.09/turn                (no ring)

@: no status effects
A: fangs 2, magic shield, antimagic bite, no potion heal 2
a: no special abilities


You were on level 2 of the Dungeon.
You visited 1 branch of the dungeon, and saw 3 of its levels.

You collected 80 gold pieces.

Inventory:

Hand Weapons
 j - a +0 dagger (weapon)
Missiles
 a - 6 poisoned darts (quivered)
Armour
 b - a +0 robe (worn)
Jewellery
 e - a ring of protection from fire
Scrolls
 d - a scroll of identify {unknown}
 h - a scroll of amnesia {unknown}
 i - a scroll of magic mapping {unknown}
Potions
 c - a potion of ambrosia
 f - a potion of might {unknown}
 g - a potion of resistance


   Skills:
 + Level 3.0 Fighting
 + Level 3.0 Short Blades
 + Level 2.8 Dodging
 + Level 3.3 Stealth


You had 2 spell levels left.
You didn't know any spells.
Your spell library was empty.

Dungeon Overview and Level Annotations

Branches:
Dungeon (3/15)

Altars:


Innate Abilities, Weirdness & Mutations

You have extremely sharp teeth.
When hurt, damage is shared between your health and your magic reserves.
Your bite disrupts and absorbs the magic of your enemies.
Potions cannot restore your health.


Message History

A rat comes into view.
A rat is nearby!
A quokka comes into view.
A kobold comes into view. It is wielding a +0 short sword.
The quokka bites you. The quokka bites you. The rat bites you.
The quokka bites you. The rat bites you. The quokka attacks as you move away!
The quokka bites you. The rat closely misses you. The quokka bites you.
The quokka attacks as you move away! The quokka bites you.
The rat attacks as you move away! The rat closely misses you.
The quokka attacks as you move away! The quokka bites you.
* * * LOW HITPOINT WARNING * * *
The quokka attacks as you move away!
The quokka bites you but does no damage.
The quokka misses you.
You hit the quokka but do no damage. You punch the quokka, but do no damage.
You hit the quokka but do no damage. You bite the quokka, but do no damage.
The quokka bites you but does no damage.
You closely miss the quokka. Your bite misses the quokka. The quokka bites you.
* * * LOW HITPOINT WARNING * * *
You closely miss the quokka. Your bite misses the quokka. The quokka bites you.
You closely miss the quokka. The quokka closely misses you.
You hit the quokka. You bite the quokka. You drain its power.
You feel invigorated.
The quokka is heavily wounded.
The quokka bites you.
* * * LOW HITPOINT WARNING * * *
The quokka attacks as you move away! The quokka misses you.
The quokka closely misses you.
You closely miss the quokka.
The quokka is moderately wounded.
The quokka misses you.
You hit the quokka. Your bite misses the quokka.
The quokka is severely wounded.
The quokka bites you.
* * * LOW HITPOINT WARNING * * *
The quokka attacks as you move away! The quokka barely misses you. x2
The quokka attacks as you move away! The quokka bites you.
You die...

#.######.### ####### #.# #...#
#.....# #.# ###.# #.###.# #.# #.#
## ##.# #.# #.# #.# #. .#.# #.#
#.# #.##### . #. .#.# #.###.#
#.#.... ... #. .#<#
#.....########.#....
.....#.#.######.@rr..............
#....)<...........########.#....
#.#.#.#######..##.# #.#....
#.#.........#.# .(#....
#.#.#####.#.#.#####.########
..#......>..........
..##.......†....... ..#
#...........#### .)
#.......(†..#######


You could see a quokka and a rat.

Vanquished Creatures
  A worm (D:2)
  A dart slug (D:1)
  A bat (D:1)
  2 endoplasms (D:1)
  3 giant cockroaches (D:1)
  4 goblins (D:1)
  4 hobgoblins (D:1)
  4 jackals (D:1)
  3 ball pythons
  A frilled lizard (D:1)
  4 kobolds
  5 rats (D:1)
33 creatures vanquished.

Notes
Turn   | Place    | Note
-------+----------+-------------------------------------------
     0 | D:1      | DeathPants the Vine Stalker Monk began the quest for the
                  | Orb.
     0 | D:1      | Reached XP level 1. HP: 11/11 MP: 2/2
   128 | D:1      | Reached XP level 2. HP: 13/16 MP: 1/3
   345 | D:1      | Reached XP level 3. HP: 19/20 MP: 4/4
   421 | D:1      | Found a faded altar of an unknown god.
   973 | D:2      | HP: 1/20 [quokka (2)]
   977 | D:2      | Slain by a quokka

Illustrated notes

Levels and vault maps discovered:
D:1:      dpeg_arrival_rooms_b, layout_basic,
          shapermc_ecumenical_altar_starsandcircs
D:2:      layout_basic, serial_shops, nicolae_square_shop
D:3:      layout_loops_cross, ebering_ghost_sewer_f, serial_bayou_pond_c,
          uniq_natasha

Skill      XL: |  1  2 |
---------------+-------+-----
Stealth        | 3 |  3.3
Fighting       | 3 |  3.0
Short Blades   | 3 |  3.0
Dodging        | |  2.8

Action                     || total
---------------------------++-------
  Melee: Short sword       ||    69
         Bite              ||    33
         Dagger            ||    45
         Punch             ||     2
   Stab: Sleeping          ||     7
 Armour: Robe              ||    18
  Dodge: Dodged            ||    69

Table legend: (Time is in decaauts)
 A = Elapsed time spent in this place.
 B = Non-inter-level travel time spent in this place.
 C = Inter-level travel time spent in this place.
 D = Time resting spent in this place.
 E = Time spent auto-exploring this place.
 F = Levels seen in this place.
 G = Mean time per level.
                   A        B        C        D        E       F      G
               +--------+--------+--------+--------+--------+-----+--------+
         Total |    961 |    953 |      8 |     33 |    549 |   3 |  320.3 |
       Dungeon |    961 |    953 |      8 |     33 |    549 |   3 |  320.3 |
               +--------+--------+--------+--------+--------+-----+--------+

Top non-repeatable levels by time:
     D:1: 791 daAuts
     D:2: 168 daAuts
     D:3: 1 daAuts
